AoeStats
← Orca17

Arabia

504087277Analyzed
1v1 RM · 1mo ago on Sep 3, 2026· 38m 36s· 2 players
Game mode
Random Map
Map size
Tiny (2 player)
Population
200
Speed
Normal
Resources
Standard
Victory
Conquest
Starting age
Dark Age
Ending age
Imperial Age
RankedLock teamsTeams togetherTeam positionsShared explorationLock speedFull tech treeHidden civsTurbo modeCheats
Victory
Defeat
🇳🇱 Maya · Netherlands
2239
+15
🇩🇪 Dravidians · Germany
2221
-15
Orca17
5:43 Loom
8:49 Feudal Age
9:20 Double-Bit Axe
18:11 Castle Age
19:17 Bow Saw
18:54 Horse Collar
19:08 Gold Mining
20:21 Fletching
24:08 Bodkin Arrow
26:13 Wheelbarrow
31:20 Padded Archer Armor
35:46 Imperial Age
34:10 Ballistics
34:17 Thumb Ring
37:04 Bracer
38:09 Chemistry
boanaan
0:28 Loom
9:19 Feudal Age
9:50 Double-Bit Axe
16:54 Castle Age
15:37 Gold Mining
15:29 Horse Collar
17:56 Bow Saw
17:52 Eagle Warrior
19:40 Scale Mail Armor
21:51 Heavy Plow
22:51 Squires
23:38 Wheelbarrow
23:49 Arson
25:10 Chain Mail Armor
28:54 Hand Cart
30:05 Forging
34:22 Imperial Age
31:40 Crossbowman
33:13 Iron Casting
33:51 Fletching
34:51 Stone Mining
34:25 Elite Eagle Warrior
35:37 Plate Mail Armor
36:39 Blast Furnace
38:13 Holcans
39:16 Conscription
Connection lost

Rejoining the realm…

Still unreachable

The connection could not be restored.

Session expired

The server has moved on; the page needs a fresh start.